 Dungeon Crawl Stone Soup version 0.28-a0-1624-g820543e53a (webtiles) character file.

Game seed: 10751627826270610840

32 dolemite99 the Cudgeller (level 3, -1/23 HPs)
             Began as a Gargoyle Chaos Knight on Jan 23, 2022.
             Was a Plaything of Xom.
             Killed by nerve-wracking pain
             ... invoked by a shadow imp
             ... summoned by Xom
              (4 damage)
             ... on level 2 of the Dungeon.
             The game lasted 00:01:30 (830 turns).

dolemite99 the Cudgeller (Gargoyle Chaos Knight)     Turns: 830, Time: 00:01:31

Health: -1/23      AC: 12    Str: 17      XL:     3   Next: 25%
Magic:  3/3        EV: 11    Int: 12      God:    Xom [*.....]
Gold:   16         SH:  5    Dex: 13 (15) Spells: 2/2 levels left

rFire   . . .      SeeInvis .   a - +0 mace (chaos)
rCold   . . .      Faith    .   (no shield)
rNeg    + . .      Spirit   .   b - +2 leather armour
rPois   ∞          Reflect  +   (no helmet)
rElec   +          Harm     .   (no cloak)
rCorr   .          Rampage  .   (no gloves)
Will    .....                   (no boots)
Stlth   +.........              f - amulet of reflection
HPRegen 0.07/turn               g - +6 ring of dexterity
MPRegen 0.08/turn               (no ring)

@: no status effects
A: sickness immunity, AC +3, negative energy resistance 1, electricity
resistance, torment resistance 1, petrification resistance, iridescent scales 2
a: Renounce Religion


You were on level 2 of the Dungeon.
You worshipped Xom.
You were a special plaything of Xom.
You visited 1 branch of the dungeon, and saw 2 of its levels.

You collected 16 gold pieces.

Inventory:

Hand Weapons
 a - a +0 mace of chaos (weapon)
 h - a +0 flail
Missiles
 c - 10 stones (quivered)
Armour
 b - a +2 leather armour (worn)
Jewellery
 f - an amulet of reflection (around neck)
 g - a +6 ring of dexterity (left hand)
Scrolls
 e - a scroll of amnesia {unknown}
Potions
 d - a potion of heal wounds {unknown}


   Skills:
 + Level 3.5 Fighting
 * Level 4.1 Maces & Flails
 - Level 2.1 Armour
 - Level 0.7 Dodging


You had 2 spell levels left.
You didn't know any spells.
Your spell library contained the following spells:

 Spells                   Type           Power      Damage    Failure   Level
 Shock                    Conj/Air       0%         1d3       36%         1
 Fireball                 Conj/Fire      0%         3d3       100%        5
 Freezing Cloud           Conj/Ice/Air   0%         6-21      100%        5
 Fire Storm               Conj/Fire      0%         5d1       100%        9


Dungeon Overview and Level Annotations

Branches:
Dungeon (2/15)

Altars:


Innate Abilities, Weirdness & Mutations

You are immune to sickness and miasma.
Your stone body is resilient. (AC +3)
You are immune to poison.
You resist negative energy. (rN+)
You are resistant to electric shocks. (rElec)
You are resistant to unholy torment.
You are immune to petrification.
You are mostly covered in iridescent scales. (AC +4)


Message History

You hit the shadow imp.
The shadow imp is almost dead.
The shadow imp gestures at you. Pain shoots through your body!
A rat comes into view.
The shadow imp hits you but does no damage.
Something bites you but does no damage.
Something claws you but does no damage. x2
You miss the shadow imp.
The shadow imp is almost dead.
The shadow imp hits you. Something barely misses you.
Something claws you but does no damage. x2
The shadow imp gestures at you. Pain shoots through your body!
Something bites you but does no damage.
Something claws you but does no damage. x2
You are too injured to fight recklessly!
You are too injured to fight recklessly!
You are too injured to fight recklessly!
You are too injured to fight recklessly!
You are too injured to fight recklessly!
You are too injured to fight recklessly!
You completely miss something.
The shadow imp hits you but does no damage.
Something bites you.
You feel clumsy. Something claws you. Something claws you but does no damage.
The shadow imp hits you.
* * * LOW HITPOINT WARNING * * *
You barely miss something. Something bites you but does no damage.
Something claws you but does no damage. Something claws you.
* * * LOW HITPOINT WARNING * * *
You feel clumsy. The shadow imp gestures at you. Pain shoots through your body!
* * * LOW HITPOINT WARNING * * *
Something bites you but does no damage.
Something claws you but does no damage. x2
You miss something. The shadow imp gestures at you.
Pain shoots through your body!
You die... "It was about time."

##+##..... #.....>...
#......... #......r.(
#.......(.
####.........
######.....5......
######.......(.@.......
#.............{.....###
+...................#
##...................#
#..............#######
........####...#
#.......# #...#
#....†..# #...#
#.......# #...#


You could see a shadow imp (summoned, fast, agile) and a rat.

Vanquished Creatures
  6 endoplasms
  2 giant cockroaches (D:1)
  3 goblins (D:1)
  2 hobgoblins (D:1)
  3 jackals (D:2)
  2 quokkas
  4 ball pythons
  2 bats (D:1)
  A frilled lizard (D:1)
  A kobold (D:1)
  2 rats (D:1)
28 creatures vanquished.

Notes
Turn   | Place    | Note
-------+----------+-------------------------------------------
     0 | D:1      | dolemite99 the Gargoyle Chaos Knight began the quest for
                  | the Orb.
     0 | D:1      | Reached XP level 1. HP: 14/14 MP: 1/1
    21 | D:1      | XOM: silly message
    62 | D:1      | Reached XP level 2. HP: 19/19 MP: 2/2
   136 | D:1      | XOM: give mutations
   136 | D:1      | Gained mutation: You are partially covered in iridescent
                  | scales. (AC +2) [Xom's grace]
   136 | D:1      | Gained mutation: You are mostly covered in iridescent
                  | scales. (AC +4) [Xom's grace]
   327 | D:1      | XOM: god gift: Xom's Compendium of the Road Less Travelled
                  | {god gift}
   328 | D:1      | Got Xom's Compendium of the Road Less Travelled {god gift}
   395 | D:1      | Reached skill level 4 in Maces & Flails
   730 | D:2      | Reached XP level 3. HP: 21/23 MP: 3/3
   788 | D:2      | XOM: polymorph adder -> ball python
   804 | D:2      | XOM: summons 2 hostile demons
   813 | D:2      | XOM: polymorph crimson imp -> quasit
   830 | D:2      | Killed from afar by a shadow imp

Illustrated notes

Levels and vault maps discovered:
D:1:      wander_arrival_lonely_grave, layout_basic
D:2:      layout_basic, shapermc_ecumenical_altar_totnotflames, uniq_natasha

Skill      XL: |  1  2 |
---------------+-------+-----
Maces & Flails | 4 |  4.1
Fighting       | |  3.5
Armour         | |  2.1
Dodging        | |  0.7

Action                   || total
-------------------------++-------
Melee: Mace              ||    74
Throw: Stone             ||    47
Armor: Leather armour    ||    75
Dodge: Dodged            ||    56
Block: Other             ||    14

Table legend: (Time is in decaauts)
 A = Elapsed time spent in this place.
 B = Non-inter-level travel time spent in this place.
 C = Inter-level travel time spent in this place.
 D = Time resting spent in this place.
 E = Time spent auto-exploring this place.
 F = Levels seen in this place.
 G = Mean time per level.
                   A        B        C        D        E       F      G
               +--------+--------+--------+--------+--------+-----+--------+
         Total |    849 |    814 |     35 |      0 |    567 |   2 |  424.5 |
       Dungeon |    849 |    814 |     35 |      0 |    567 |   2 |  424.5 |
               +--------+--------+--------+--------+--------+-----+--------+

Top non-repeatable levels by time:
     D:1: 715 daAuts
     D:2: 134 daAuts
